 Dungeon Crawl Stone Soup version 0.18.1-48-g4cf74bf (webtiles) character file.

6399 Peloso the Blocker (level 10, -4/88 HPs)
             Began as a Minotaur Fighter on July 10, 2016.
             Was a High Priest of Okawaru.
             Slain by an orc warrior (11 damage)
             ... in a bailey.
             The game lasted 00:24:08 (7744 turns).

Peloso the Blocker (Minotaur Fighter)               Turns: 7744, Time: 00:24:09

Health: -4/88      AC: 24    Str: 27    XL:     10   Next: 66%
Magic:  9/9        EV: 10    Int:  5    God:    Okawaru [*****.]
Gold:   378        SH: 13    Dex: 12    Spells: 0 memorised, 9 levels left

rFire  . . .     SeeInvis .     y - +2 falchion (protect)
rCold  . . .     Gourm    .     M - +0 plate armour (curse)
rNeg   . . .     Faith    .     c - +0 shield
rPois  .         Spirit   .     (helmet restricted)
rElec  .         Dismiss  .     k - +0 cloak
rCorr  .         Reflect  .     j - +1 pair of gloves
SustAt .         Harm     .     I - +0 pair of boots
MR     .....                    (no amulet)
Stlth  ..........               (no ring)
                                F - ring of loudness (curse)

@: mighty, not resistant to hostile enchantments, extremely unstealthy
A: retaliatory headbutt, horns 2
a: Heroism, Finesse, Renounce Religion


You were in a bailey.
You worshipped Okawaru.
Okawaru was extremely pleased with you.
You were hungry.

You visited 2 branches of the dungeon, and saw 10 of its levels.
You also visited: Bailey.

You collected 486 gold pieces.
You spent 108 gold pieces at shops.

Inventory:

Hand Weapons
 a - a +0 long sword of freezing
 y - a +2 falchion of protection (weapon)
 R - a +0 spear of venom
Armour
 b - a +0 scale mail
 c - a +0 shield (worn)
 j - a +1 pair of gloves (worn)
 k - a +0 cloak (worn)
 I - a +0 pair of boots (worn)
 M - a cursed +0 plate armour (worn)
Jewellery
 F - a cursed ring of loudness (left hand)
 O - a cursed ring of teleportation {unknown}
Wands
 x - a wand of confusion (12/48)
 C - a wand of random effects (48/48)
 H - a wand of lightning (3/15)
 K - a wand of lightning (10/15)
 L - a wand of confusion (27/48)
Scrolls
 e - a scroll of fog
 h - 4 scrolls of identify
 o - 2 scrolls of magic mapping
 p - a scroll of enchant armour
 r - 6 scrolls of remove curse
 D - 2 scrolls of teleportation
 E - 2 scrolls of recharging
 G - a scroll of acquirement {unknown}
 J - a scroll of amnesia
 N - a scroll of fear {unknown}
 P - a scroll of vulnerability {unknown}
Potions
 d - a potion of might
 m - a potion of heal wounds
 q - a potion of degeneration {unknown}
 s - a potion of ambrosia
 u - a potion of resistance
 v - 2 potions of agility
 w - 5 potions of curing {unknown}
 z - 2 potions of brilliance {unknown}
 Q - 2 potions of cure mutation {unknown}
Books
 B - a book of Alchemy

   Spells                             Type                      Level
   a - Sublimation of Blood           Necromancy                   2
   b - Ignite Poison                  Fire/Transmutation/Poison    3
   c - Petrify                        Transmutation/Earth          4
   d - Alistair's Intoxication        Transmutation/Poison         5
   e - Irradiate                      Conjuration/Transmutation    5
Comestibles
 f - 9 bread rations
 g - 12 fruits
 i - 10 beef jerkies
 l - a royal jelly
 n - 3 meat rations
 t - a slice of pizza
 A - 10 chunks of flesh


   Skills:
 + Level 7.7 Fighting
 + Level 8.7 Long Blades
 + Level 9.3 Armour
 + Level 8.0 Dodging
 + Level 1.0 Stealth
 + Level 10.9 Shields


You had 9 spell levels left.
You didn't know any spells.

Dungeon Overview and Level Annotations

Branches:
Dungeon (9/15)             Temple (1/1) D:5            Lair (0/8) D:9
    Orc (0/2) D:9

Altars:
Ashenzari
Cheibriados
Fedhas
Gozag
Makhleb
Okawaru
Pakellas
Qazlal
Ru
Sif Muna
Trog
Vehumet
Yredelemnul
Zin
The Shining One

Shops:
D:6 *   D:8 =


Innate Abilities, Weirdness & Mutations

You reflexively headbutt those who attack you in melee.
You have a pair of horns on your head.


Message History

You hit the orc warrior.
The orc warrior is lightly wounded.
The orc warrior unwields an uncursed arbalest.
The orc warrior hits you!
* * * LOW HITPOINT WARNING * * *
The orc suddenly curses.
You closely miss the orc warrior.
The orc warrior is lightly wounded.
You block the orc warrior's attack.
You closely miss the orc warrior. Your headbutt misses the orc warrior.
The orc warrior is lightly wounded.
The orc warrior hits you.
* * * LOW HITPOINT WARNING * * *
You slash the orc warrior! Your headbutt misses the orc warrior.
The orc warrior is heavily wounded.
The orc warrior barely misses you.
You closely miss the orc warrior. Your headbutt misses the orc warrior.
The orc warrior is heavily wounded.
The orc warrior hits you!
You die...

#############
#∩.((........
#(@..........
#((o.........
#..o(........
#(...........
#............
#.......≈≈≈≈≈
#......≈≈#o#≈
#......≈## #
#......≈..


You could see an orc warrior and an orc.

Vanquished Creatures
  Erolcha (D:8)
  The ghost of Kloppie the Cleaver, a novice HOFi of Okawaru (Bailey)
  An ugly thing (D:9)
  The ghost of raetorn the Chucker, an amateur OgHu (D:3)
  6 yaks (D:9)
  A wyvern (D:9)
  Eustachio (D:8)
  A hippogriff (D:7)
  A hungry ghost (D:8)
  2 ice beasts
  3 orc warriors (D:8)
  2 ogres
  5 centaurs
  Blork the orc (D:8)
  6 giant frogs
  2 gnoll sergeants (D:8)
  3 scorpions
  A howler monkey (D:6)
  3 crimson imps
  A giant frog zombie (D:6)
  3 jellies
  4 orc priests
  6 hounds
  Crazy Yiuf (D:4)
  2 giant frog skeletons (D:7)
  Natasha (thrice) (D:3)
  2 iguanas
  5 orc wizards
  6 worker ants
  A hound zombie (D:5)
  A hound skeleton (D:5)
  A worker ant zombie (D:7)
  A howler monkey skeleton (D:5)
  17 adders
  2 adder skeletons
  A worm (D:4)
  2 dart slugs
  4 giant geckos
  54 orcs
  5 ball pythons
  2 giant cockroaches
  7 goblins
  6 hobgoblins
  12 jackals
  4 quokkas
  7 bats
  A giant gecko zombie (D:5)
  A giant newt (D:2)
  A jackal skeleton (D:4)
  5 kobolds
  3 rats
213 creatures vanquished.

Notes
Turn   | Place    | Note
--------------------------------------------------------------
     0 | D:1      | Peloso the Minotaur Fighter began the quest for the Orb.
     0 | D:1      | Reached XP level 1. HP: 19/19 MP: 0/0
     0 | D:1      | Noticed a human
     0 | D:1      | Noticed an ogre
     1 | D:1      | Noticed a centaur
     3 | D:1      | Noticed a draconian
     3 | D:1      | Noticed a ghoul
     6 | D:1      | Noticed a centaur
     7 | D:1      | Noticed a troll
    10 | D:1      | Noticed a vine stalker
    12 | D:1      | Noticed a naga
    14 | D:1      | Noticed a ghoul
    16 | D:1      | Noticed a spriggan
    16 | D:1      | Noticed a spriggan
    16 | D:1      | Noticed an elf
    18 | D:1      | Noticed a minotaur
    18 | D:1      | Noticed a gargoyle
   289 | D:1      | Reached XP level 2. HP: 27/27 MP: 1/1
   671 | D:2      | Reached XP level 3. HP: 33/33 MP: 2/2
   677 | D:2      | Reached skill level 4 in Shields
  1235 | D:2      | Reached XP level 4. HP: 11/40 MP: 3/3
  1923 | D:3      | Noticed an ogre
  2012 | D:3      | Reached skill level 1 in Dodging
  2059 | D:3      | Killed an ogre
  2059 | D:3      | Reached skill level 5 in Armour
  2059 | D:3      | Reached skill level 5 in Shields
  2059 | D:3      | Reached XP level 5. HP: 46/46 MP: 4/4
  2083 | D:3      | Noticed Natasha
  2092 | D:3      | Killed Natasha
  2272 | D:3      | Noticed Natasha
  2279 | D:3      | Killed Natasha
  2279 | D:3      | Reached XP level 6. HP: 35/52 MP: 5/5
  2455 | D:3      | Found a blossoming altar of Fedhas.
  2502 | D:3      | Found a stormy altar of Qazlal.
  2537 | D:3      | Noticed raetorn's ghost (amateur OgHu)
  2562 | D:3      | Killed raetorn's ghost
  2630 | D:3      | Noticed Natasha
  2636 | D:3      | Killed Natasha
  2827 | D:4      | Found an opulent altar of Gozag.
  2841 | D:4      | Reached skill level 6 in Shields
  2891 | D:4      | Found a sacrificial altar of Ru.
  2976 | D:4      | Reached XP level 7. HP: 38/60 MP: 6/6
  3158 | D:4      | Found a radiant altar of Vehumet.
  3324 | D:4      | Noticed Crazy Yiuf
  3338 | D:4      | Killed Crazy Yiuf
  3588 | D:5      | Entered Level 5 of the Dungeon
  3605 | D:5      | Found a staircase to the Ecumenical Temple.
  3639 | D:5      | Reached skill level 5 in Fighting
  3665 | Temple   | Entered the Ecumenical Temple
  3696 | Temple   | Became a worshipper of Warmaster Okawaru
  3857 | D:5      | Reached skill level 7 in Shields
  4014 | D:5      | Found a sacrificial altar of Ru.
  4024 | D:5      | Found a burning altar of Makhleb.
  4024 | D:5      | Noticed an Executioner
  4363 | D:5      | Reached XP level 8. HP: 69/69 MP: 7/7
  4472 | D:6      | Reached * piety under Okawaru
  4521 | D:6      | Found Hiss's Assorted Antiques.
  4529 | D:6      | Bought a scroll of magic mapping for 84 gold pieces
  4536 | D:6      | Bought a scroll labeled XUPAER KENAYMI for 24 gold pieces
  4745 | D:6      | Reached skill level 5 in Dodging
  4781 | D:6      | Reached skill level 5 in Long Blades
  5156 | D:7      | Found a basalt altar of Yredelemnul.
  5170 | D:7      | Found a stormy altar of Qazlal.
  5407 | D:7      | Reached skill level 1 in Stealth
  5407 | D:7      | Reached skill level 8 in Shields
  5485 | D:7      | Reached ** piety under Okawaru
  5625 | D:7      | Reached XP level 9. HP: 71/75 MP: 8/8
  5691 | D:7      | Found a deep blue altar of Sif Muna.
  6042 | D:8      | Reached skill level 9 in Shields
  6179 | D:8      | Found Goynogoh's Jewellery Boutique.
  6274 | D:8      | Noticed Erolcha
  6355 | D:8      | Reached *** piety under Okawaru
  6361 | D:8      | Killed Erolcha
  6556 | D:8      | Noticed Blork the orc
  6583 | D:8      | Reached **** piety under Okawaru
  6593 | D:8      | Killed Blork the orc
  6593 | D:8      | Reached skill level 10 in Shields
  6617 | D:8      | Noticed Eustachio
  6666 | D:8      | Killed Eustachio
  6666 | D:8      | Reached XP level 10. HP: 65/84 MP: 9/9
  7262 | D:9      | Found a shattered altar of Ashenzari.
  7295 | D:9      | Noticed a green ugly thing
  7315 | D:9      | Killed a green ugly thing
  7525 | D:9      | Reached ***** piety under Okawaru
  7575 | D:9      | Found a flagged portal.
  7694 | Bailey   | Entered a bailey
  7713 | Bailey   | Noticed Kloppie's ghost (novice HOFi)
  7729 | Bailey   | Killed Kloppie's ghost
  7744 | Bailey   | Slain by an orc warrior

Skill      XL: |  1  2  3  4  5  6  7  8  9 10 |
---------------+-------------------------------+-----
Armour         | 4 5 6 7 8 9 |  9.3
Fighting       | 4 5 6 7 |  7.7
Shields        | 4 5 6 7 8 10 | 10.9
Dodging        | 1 2 3 4 5 7 8 |  8.0
Long Blades    | 3 4 5 7 8 |  8.7
Stealth        | 1 |  1.0

Action                   |  1- 3 |  4- 6 |  7- 9 | 10-12 || total
-------------------------+-------+-------+-------+-------++-------
Melee: Long sword        |   120 |   165 |    28 |       ||   313
       Headbutt          |    10 |    21 |    75 |    39 ||   145
       Falchion          |       |       |   381 |   166 ||   547
Invok: Heroism           |       |       |       |     2 ||     2
Evoke: Wand              |       |       |       |     3 ||     3
  Use: Scroll            |       |     5 |    11 |     2 ||    18
       Potion            |       |     1 |       |     2 ||     3
  Eat: Chunk             |     1 |     6 |    14 |     3 ||    24
Armor: Scale mail        |    86 |    81 |   162 |       ||   329
       Plate armour      |       |       |       |    65 ||    65
Dodge: Dodged            |    48 |    49 |   142 |    33 ||   272
Block: Shield            |    72 |    91 |   252 |    89 ||   504
